 Dungeon Crawl Stone Soup version 0.27-a0-1572-gacd6f1ce93 (webtiles) character file.

Game seed: 8904648052769592123

51 DocSulfur the Ducker (level 4, -2/33 HPs)
             Began as a Djinni Gladiator on July 17, 2021.
             Slain by a gnoll (8 damage)
             ... on level 2 of the Dungeon.
             The game lasted 00:05:43 (2612 turns).

DocSulfur the Ducker (Djinni Gladiator)             Turns: 2612, Time: 00:05:43

Health: -2/33      AC:  6    Str: 14    XL:     4   Next: 7%
Gold:   95         EV: 12    Int:  9    God:
                   SH:  0    Dex: 15

rFire    + + .     SeeInvis .   a - +0 long sword
rCold    x . .     Faith    .   (no shield)
rNeg     . . .     Spirit   .   k - +0 ring mail
rPois    ∞         Reflect  .   c - +0 helmet
rElec    .         Harm     .   (no cloak)
rCorr    .         Rampage  .   (no gloves)
Will     .....                  (boots unavailable)
Stlth    +.........             (no amulet)
HPRegen  0.11/turn              (no ring)
MPRegen  0.00/turn              (no ring)

@: flying
A: sickness immunity, fire resistance 2, cold vulnerability 1, float, innate
caster, hp casting, extra vitality 1
a: no special abilities


You were on level 2 of the Dungeon.
You visited 1 branch of the dungeon, and saw 4 of its levels.

You collected 95 gold pieces.

Inventory:

Hand Weapons
 a - a +0 long sword (weapon)
 l - a +0 hunting sling
Missiles
 d - 3 throwing nets
 h - 112 stones (quivered)
Armour
 c - a +0 helmet (worn)
 k - a +0 ring mail (worn)
Scrolls
 b - 3 scrolls of immolation {unknown}
 e - a scroll of teleportation {unknown}
 f - 2 scrolls of magic mapping {unknown}
 i - 2 scrolls of identify {unknown}
 n - 2 scrolls of enchant armour {unknown}
Potions
 g - 2 potions of curing {unknown}
 j - a potion of invisibility {unknown}
 m - a potion of attraction {unknown}


   Skills:
 - Level 2.0 Fighting
 + Level 3.1 Long Blades
 - Level 1.5 Throwing
 + Level 3.8 Dodging
 * Level 1.6 Spellcasting


You had 5 spell levels left.
You knew the following spells:

 Your Spells              Type           Power      Damage    Failure   Level
a - Pain                  Necr           12%        1d4       36%         1
Your spell library was empty.

Dungeon Overview and Level Annotations

Branches:
Dungeon (4/15)
 Temple: D:4-7

Altars:

Shops:
D:2 ==(


Innate Abilities, Weirdness & Mutations

You are immune to sickness and miasma.
You are immune to poison.
Your flesh is very heat resistant. (rF++)
You are vulnerable to cold. (rC-)
You float through the air rather than walking.
You learn spells naturally, not from books.
Your magical power is your life essence.
You have superior vitality. (+4 HP)


Message History

Aiming: Pain (safe; 36% risk of failure)
Press: ? - help, Shift-Dir - straight line, f/p - gnoll
Aim: a gnoll, wielding a +0 whip (lightly wounded, chance to affect: 50%)
You miscast Pain.
You are very lightly contaminated with residual magic.
Nothing appears to happen.
You hit the gnoll.
The gnoll is moderately wounded.
The gnoll hits you but does no damage.
You closely miss the gnoll.
A gnoll comes into view. It is wielding a +0 spear.
The gnoll shouts!
You hit the gnoll but do no damage.
You hear a shout!
The gnoll hits you with a +0 flail. The gnoll closely misses you.
Your magical contamination has completely faded away.
There is a stone staircase leading up here.
The gnoll hits you with a +0 flail.
You fly upwards.
There is a stone staircase leading down here.
Casting: Pain (safe; 36% risk of failure)
Confirm with . or Enter, or press ? or * to list all spells.
Aiming: Pain (safe; 36% risk of failure)
Press: ? - help, Shift-Dir - straight line, f - gnoll
Aim: a gnoll, wielding a +0 flail (chance to affect: 50%)
The gnoll resists with some effort.
The gnoll hits you with a +0 flail.
* * * LOW HITPOINT WARNING * * *
Casting: Pain (safe; 36% risk of failure)
Confirm with . or Enter, or press ? or * to list all spells.
Aiming: Pain (safe; 36% risk of failure)
Press: ? - help, Shift-Dir - straight line, f/p - gnoll
Aim: a gnoll, wielding a +0 flail (chance to affect: 50%)
The gnoll writhes in agony.
* * * LOW HITPOINT WARNING * * *
The gnoll closely misses you.
You riposte.
You barely miss the gnoll.
The gnoll is moderately wounded.
You hit the gnoll.
The gnoll is heavily wounded.
The gnoll hits you with a +0 flail!
You die...

.#######...# #.8.∩.8.# #...... .#
#...# #.##<##<# ####### )####
#...###.##8##.######### #
....####.....................# ##
.##..................#######.###.
.##..###.####..#.....###......∩..
.....##...###..#.............###.
.##.##.........#.....>.#.##..# ##
.##.##....###.##@g...#.#.##.<# #
.)...>#..####.#<#.#.##.#.##..####
.#####.#.......##.##.#.#.##......
.## #.######................####
..####.# #.....##.##.#.#######
#......# #.####.#.#.##.# ..####.#
#.........###.# ### #)#
#.######### #.# #.# #.# #.#


You could see a gnoll.

Vanquished Creatures
  A worm (D:2)
  3 bats
  7 endoplasms
  A giant cockroach (D:1)
  4 hobgoblins
  4 jackals (D:2)
  3 quokkas
  6 ball pythons
  2 frilled lizards (D:1)
  6 goblins
  5 kobolds
  A rat (D:2)
43 creatures vanquished.

Notes
Turn   | Place    | Note
-------+----------+-------------------------------------------
     0 | D:1      | DocSulfur the Djinni Gladiator began the quest for the Orb.
     0 | D:1      | Reached XP level 1. HP: 18/18 MP: 0/0
   409 | D:1      | Reached XP level 2. HP: 14/23 MP: 0/0
   798 | D:1      | Reached skill level 1 in Spellcasting
   819 | D:1      | Reached XP level 3. HP: 11/28 MP: 0/0
   819 | D:1      | Learned a level 1 spell: Pain
  1098 | D:1      | Found a faded altar of an unknown god.
  1189 | D:2      | Found Pistresti's Jewellery Shoppe.
  1235 | D:2      | Found Mul Him's Antique Weapon Emporium.
  1235 | D:2      | You are sucked into a shaft and drop 2 floors!
  1235 | D:4      | Noticed an ogre
  1271 | D:3      | Noticed a wight
  1272 | D:3      | Noticed a wight
  2158 | D:2      | Reached XP level 4. HP: 32/33 MP: 0/0
  2308 | D:2      | Found Genibo Kyimm's Jewellery Shoppe.
  2612 | D:2      | Slain by a gnoll

Illustrated notes

Levels and vault maps discovered:
D:1:      amcnicky_arrival_flooded_fountain, layout_loops_ring,
          chequers_ecumenical_altar_twisty
D:2:      layout_loops_ring, serial_shops, nicolae_shop_window_shopping, shop,
          nicolae_shop_statue_plus
D:3:      layout_basic, serial_glass, glass_columns_a, glass_columns_c,
          serial_shops, nicolae_shop_behind_doors, uniq_jessica
D:4:      layout_loops_ring, mainiacjoe_overflow_24_doors, uniq_robin,
          uniq_purgy

Skill      XL: |  1  2  3 |
---------------+----------+-----
Spellcasting   | 1 |  1.6
Long Blades    | 3 |  3.1
Fighting       | |  2.0
Throwing       | |  1.5
Dodging        | |  3.8

Action                   |  1- 3 |  4- 6 || total
-------------------------+-------+-------++-------
Melee: Long sword        |   118 |     7 ||   125
 Fire: Hunting sling     |     3 |       ||     3
Throw: Stone             |    18 |       ||    18
 Cast: Pain              |       |     5 ||     5
 Stab: Sleeping          |     1 |       ||     1
Armor: Leather armour    |    14 |       ||    14
       Ring mail         |    26 |     1 ||    27
Dodge: Dodged            |    79 |     5 ||    84
       Rpst.: Long sword |    27 |     2 ||    29

Table legend: (Time is in decaauts)
 A = Elapsed time spent in this place.
 B = Non-inter-level travel time spent in this place.
 C = Inter-level travel time spent in this place.
 D = Time resting spent in this place.
 E = Time spent auto-exploring this place.
 F = Levels seen in this place.
 G = Mean time per level.
                   A        B        C        D        E       F      G
               +--------+--------+--------+--------+--------+-----+--------+
         Total |   2645 |   2557 |     88 |      0 |   1919 |   4 |  661.2 |
       Dungeon |   2645 |   2557 |     88 |      0 |   1919 |   4 |  661.2 |
               +--------+--------+--------+--------+--------+-----+--------+

Top non-repeatable levels by time:
     D:2: 1259 daAuts
     D:1: 1245 daAuts
     D:3: 136 daAuts
     D:4: 3 daAuts
